 Dungeon Crawl Stone Soup version 0.17-a0-2215-g49c1de0 (webtiles) character file.

59 radek the Conjurer (level 3, -8/19 HPs)
             Began as a Deep Elf Conjurer on Oct 27, 2015.
             Splashed by an oklob plant's acid (15 damage)
             ... on level 2 of the Dungeon.
             The game lasted 00:08:00 (1992 turns).

radek the Conjurer (Deep Elf Conjurer)              Turns: 1992, Time: 00:08:00

Health: -8/19      AC:  2    Str:  6    XL:     3   Next: 78%
Magic:  9/9        EV: 13    Int: 19    God:
Gold:   120        SH:  0    Dex: 15    Spells: 1 memorised, 7 levels left

rFire  . . .     SeeInvis .     h - +0 short sword
rCold  . . .     Clarity  +     a - +0 robe
rNeg   . . .     SustAt   .     (no shield)
rPois  .         Gourm    .     (no helmet)
rElec  .         Spirit   .     (no cloak)
rCorr  .         Warding  .     (no gloves)
rMut   .         Stasis   .     (no boots)
MR     .....                    o - amulet of clarity
Stlth  ++........               (no ring)
                                (no ring)

@: not resistant to hostile enchantments, unstealthy
A: no striking features
a: no special abilities


You were on level 2 of the Dungeon.
You were not hungry.

You visited 1 branch of the dungeon, and saw 3 of its levels.

You collected 120 gold pieces.

Inventory:

Hand Weapons
 h - a +0 short sword (weapon)
Armour
 a - a +0 robe (worn)
Jewellery
 o - an amulet of clarity (around neck)
Scrolls
 e - 2 scrolls of fog {unknown}
 g - 4 scrolls of identify {unknown}
 k - 2 scrolls of blinking {unknown}
 l - a scroll of remove curse {unknown}
Potions
 d - a potion of resistance {unknown}
 j - a potion of magic {unknown}
 m - a potion of curing {unknown}
 n - 2 potions of flight {unknown}
 q - a potion of experience {unknown}
Books
 b - a book of Conjurations

   Spells                             Type                      Level
   a - Magic Dart                     Conjuration                  1
   b - Searing Ray                    Conjuration                  2
   c - Dazzling Spray                 Conjuration/Hexes            3
   d - Fulminant Prism                Conjuration/Hexes            4
   e - Iskenderun's Mystic Blast      Conjuration                  4
   f - Iskenderun's Battlesphere      Conjuration/Charms           5
Comestibles
 c - 3 bread rations
 f - a meat ration
 i - a fruit
 p - a chunk of flesh


   Skills:
 - Level 2.4 Dodging
 - Level 2.4 Stealth
 - Level 3.0 Spellcasting
 + Level 6.0 Conjurations


You had 7 spell levels left.
You knew the following spells:

 Your Spells              Type           Power        Failure   Level  Hunger
a - Magic Dart            Conj           ####         1%          1    None


Dungeon Overview and Level Annotations

Branches:
Dungeon (3/15)

Altars:
Fedhas

Annotations:
D:2 exclusion: oklob plant


Message History

You hit the fungus.
The fungus is severely damaged.
You completely miss the fungus.
The fungus is severely damaged.
You hit the fungus.
The fungus is severely damaged.
You hit the fungus.
The fungus is almost destroyed.
You hit the fungus but do no damage.
The fungus is almost destroyed.
You hit the fungus.
The fungus is almost destroyed.
You hit the fungus.
You destroy the fungus!
The oklob plant spits acid at you. The splash of acid hits you!
Ouch! That really hurt!
The acid burns!
Ouch! That really hurt!
You die...

#P##..≈≈≈≈≈≈≈≈≈≈≈.♣♣#.
#P#♣P.≈≈≈≈...≈≈≈≈.###.
#PPPP......_.≈≈≈≈.....
#PP♣P.≈≈≈≈...≈≈≈≈.###.
#PP♣#.≈≈≈≈≈≈≈≈≈≈≈.♣ #.
#P♣PP..≈≈≈≈≈≈≈≈≈..P #.
#PPPPP..≈≈≈≈≈≈≈...PP#.
#PP%PPP..≈≈≈≈≈..PPPP#.
#PP%P@.♣.......P#PPP#.
#..%.PPPPP#PP♣..PP♣P#.
##P%.#PP.P#PP♣P♣PP.P#.


#PPP%PPPPPP# P #. #P♣PPP♣P#PPPP ## ###### ############### ...........
#..####.### #># # You could see an oklob plant.

Vanquished Creatures
  An adder (D:3)
  An ooze (D:1)
  A giant gecko (D:1)
  4 bats
  10 goblins
  9 hobgoblins
  6 jackals (D:1)
  A ball python (D:1)
  2 giant newts (D:1)
  5 kobolds
  5 rats
  A fungus (D:2)
46 creatures vanquished.

Notes
Turn   | Place    | Note
--------------------------------------------------------------
     0 | D:1      | radek the Deep Elf Conjurer began the quest for the Orb.
     0 | D:1      | Reached XP level 1. HP: 10/10 MP: 6/6
   243 | D:1      | Reached XP level 2. HP: 15/15 MP: 2/8
   292 | D:1      | Reached skill level 5 in Conjurations
   524 | D:1      | Reached XP level 3. HP: 16/19 MP: 0/9
  1822 | D:2      | Reached skill level 6 in Conjurations
  1945 | D:2      | Found a blossoming altar of Fedhas.
  1969 | D:2      | Noticed an oklob plant
  1992 | D:2      | Splashed by an oklob plant's acid

Vault maps used:
D:1:      sevenhm_arrival_forest_fort_large_1, nrook_mini_backslash,
          corexii_hall_statues_u
D:2:      tgw_fedhas
D:3:      first_bread

Action                   || total
-------------------------++-------
Melee: Short sword       ||    22
 Cast: Magic Dart        ||    75
  Eat: Chunk             ||     2
       Fruit             ||     1
